 Dungeon Crawl Stone Soup version 0.31-a0-1110-gab2881137f (webtiles) character file.

Game seed: 18402677493849366385

122684 zdzicho121 the Metallomancer (level 16, 0/79 HPs)
             Began as a Gargoyle Earth Elementalist on Dec 3, 2023.
             Was an Initiate of Gozag.
             Slain by a +4 bardiche of pain (9 damage)
             ... on level 2 of the Elven Halls.
             The game lasted 00:59:00 (33539 turns).

zdzicho121 the Metallomancer (GrEE)                Turns: 33539, Time: 00:59:00

Health: 0/79       AC: 24    Str: 13    XL:     16   Next: 88%
Magic:  14/35      EV: 11    Int: 29    God:    Gozag
Gold:   239        SH:  5    Dex: 10    Spells: 17/45 levels left

rFire   . . .        u - staff of earth
rCold   . . .        (no shield)
rNeg    + . .        q - +2 robe {Will+}
rPois   ∞            p - +2 helmet
rElec   +            L - +0 cloak
rCorr   .            U - +0 pair of gloves
SInv    .            t - +2 pair of boots
Will    +++..        P - amulet of reflection
Stlth   ++           G - ring of willpower
HPRegen 0.33/turn    I - +6 ring of intelligence
MPRegen 0.24/turn

%: reflection
@: about to teleport, gold aura, flying
A: sickness immunity, AC +12, big wings, negative energy resistance 1,
electricity resistance, torment resistance 1, petrification resistance
a: Renounce Religion, Potion Petition, Call Merchant, Bribe Branch


You were on level 2 of the Elven Halls.
You worshipped Gozag.
Gozag was aware of your devotion.
You visited 5 branches of the dungeon, and saw 22 of its levels.

You collected 6497 gold pieces.
You spent 3293 gold pieces at shops.
You paid 2965 gold pieces to Gozag.

Inventory:

Hand Weapons
 a - the +8 dagger of Yeast {freeze, rElec MP+9 Int+3 Dex-3}
   (You bought it in a shop on level 2 of the Orcish Mines)

   Int+3:     It affects your intelligence (+3).
   Dex-3:     It affects your dexterity (-3).
   rElec:     It insulates you from electricity.
   MP+9:      It affects your magic capacity (+9).
 Y - the +1 quick blade "Killer Klown's Death" {freeze, rC++ rCorr Dex-2}
   (You took it off a deep elf annihilator on level 3 of the Elven Halls)

   Dex-2:     It affects your dexterity (-2).
   rC++:      It greatly protects you from cold.
   rCorr:     It protects you from acid and corrosion.
Missiles
 y - 5 javelins
 C - 7 silver javelins
Armour
 p - a +2 helmet (worn)
 q - a +2 robe of willpower (worn)
 t - a +2 pair of boots (worn)
 w - an orb of energy
 L - a +0 cloak (worn)
 R - a +2 robe of cold resistance
 U - a +0 pair of gloves (worn)
 X - a +2 robe of fire resistance
Magical Staves
 u - a staff of earth (weapon)
 S - a staff of cold
Jewellery
 d - a ring of magical power
 n - a ring of ice
 F - a +6 ring of strength
 G - a ring of willpower (left hand)
 I - a +6 ring of intelligence (right hand)
 M - an amulet of guardian spirit
 P - an amulet of reflection (around neck)
 V - the ring of Teur {Wiz rElec rPois rC- Int+5}
   (You bought it in a shop on level 2 of the Elven Halls)

   [ring of wizardry]

   Wiz:       It improves your spell success rate.
   Int+5:     It affects your intelligence (+5).
   rC-:       It makes you vulnerable to cold.
   rElec:     It insulates you from electricity.
   rPois:     It protects you from poison
Wands
 e - a wand of quicksilver (14)
 f - a wand of flame (1)
 j - a wand of roots (15)
 k - a wand of paralysis (37)
 r - a wand of mindburst (4)
Scrolls
 c - 5 scrolls of revelation
 g - 3 scrolls of amnesia
 i - 4 scrolls of identify
 l - 2 scrolls of teleportation
 A - 2 scrolls of fog
 E - 2 scrolls of fear
 H - a scroll of enchant armour
 K - a scroll of immolation {unknown}
 Q - 2 scrolls of poison {unknown}
Potions
 b - 2 potions of cancellation
 h - 10 potions of curing
 m - a potion of resistance
 o - 5 potions of mutation
 s - 2 potions of haste
 v - 3 potions of berserk rage {unknown}
 x - 6 potions of brilliance
 z - 2 potions of magic
 B - 2 potions of heal wounds
 D - 2 potions of invisibility
 J - a potion of attraction
 N - 4 potions of might
 O - a potion of enlightenment
 T - 2 potions of lignification
 W - a potion of ambrosia


   Skills:
 - Level 1.4 Fighting
 - Level 1.5 Dodging
 - Level 2.1 Stealth
 - Level 15.2 Spellcasting
 - Level 15.1 Conjurations
 - Level 5.3 Translocations
 - Level 0.7 Transmutations
 - Level 4.6 Fire Magic
 + Level 22.2 Earth Magic
 - Level 4.0 Poison Magic
 - Level 0.2 Evocations


You had 17 spell levels left.
You knew the following spells:

 Your Spells              Type           Power      Damage    Failure   Level
a - Sandblast             Erth           100%       2d20      0%          1
b - Stone Arrow           Conj/Erth      100%       3d13      0%          3
c - Iskenderun's Mystic   Conj/Tloc      69%        2d14      1%          4
d - Fireball              Conj/Fire      34%        3d14      1%          5
e - Olgreb's Toxic Radia  Pois           45%        N/A       4%          4
f - Lee's Rapid Deconstr  Erth           61%        3d28*     0%          5
g - Bombard               Conj/Erth      57%        9d9       1%          6

Your spell library contained the following spells:

 Spells                   Type           Power      Damage    Failure   Level
 Brom's Barrelling Bould  Conj/Erth      100%       2d11      0%          4
 Apportation              Tloc           100%       N/A       1%          1
 Foxfire                  Conj/Fire      100%       2x1d9     1%          1
 Sting                    Tmut/Pois      100%       1d8       1%          1
 Passwall                 Tmut/Erth      77%        N/A       1%          2
 Static Discharge         Conj/Air       100%       3-8/arc   1%          2
 Hailstorm                Conj/Ice       60%        3d13      1%          3
 Ignite Poison            Fire/Tmut/Pois 40%        N/A       1%          3
 Volatile Blastmotes      Fire/Tloc      100%       2d18      1%          3
 Flame Wave               Conj/Fire      68%        2d15      1%          4
 Fulminant Prism          Conj/Hex       30%        3d16      1%          4
 Leda's Liquefaction      Hex/Erth       46%        N/A       1%          4
 Petrify                  Tmut/Erth      93%        N/A       1%          4
 Sticky Flame             Conj/Fire      68%        2d8       1%          4
 Iskenderun's Battlesphe  Conj           84%        2d13      1%          5
 Freeze                   Ice            88%        1d9       2%          1
 Necrotise                Necr           88%        1d8       2%          1
 Summon Small Mammal      Summ           88%        N/A       2%          1
 Inner Flame              Hex/Fire       35%        N/A       2%          3
 Manifold Assault         Tloc           52%        N/A       2%          4
 Irradiate                Conj/Tmut      31%        3d22      2%          5
 Ensorcelled Hibernation  Hex/Ice        44%        N/A       3%          2
 Jinxbite                 Hex            44%        N/A       3%          2
 Starburst                Conj/Fire      34%        6d10      5%          6
 Call Canine Familiar     Summ           22%        N/A       6%          3
 Frozen Ramparts          Ice            44%        1d7       6%          3
 Summon Guardian Golem    Hex/Summ       22%        N/A       6%          3
 Tukima's Dance           Hex            22%        N/A       6%          3
 Swiftness                Air            22%        N/A       7%          3
 Dimensional Bullseye     Hex/Tloc       18%        N/A       7%          4
 Airstrike                Air            11%        2d(2-18)  22%         4
 Cause Fear               Hex            11%        N/A       22%         4
 Dispel Undead            Necr           22%        3d12      22%         4
 Summon Lightning Spire   Summ/Air       22%        N/A       22%         4
 Alistair's Intoxication  Tmut/Pois      24%        N/A       22%         5
 Yara's Violent Unravell  Hex/Tmut       12%        3d7       45%         5
 Summon Mana Viper        Hex/Summ       22%        N/A       52%         5
 Spellforged Servitor     Conj/Summ      30%        N/A       63%         7
 Plasma Beam              Fire/Air       17%        2x1d29    78%         6
 Haunt                    Necr/Summ      11%        N/A       100%        7
 Borgnjor's Revivificati  Necr           11%        N/A       100%        8
 Discord                  Hex            11%        N/A       100%        8
 Ignition                 Fire           24%        3d8       100%        8
 Infestation              Necr           11%        N/A       100%        8
 Summon Horrible Things   Summ           11%        N/A       100%        8
 Dragon's Call            Summ           11%        N/A       100%        9
 Cigotuvi's Dreadful Rot  Necr/Pois/Air  Unusable   N/A       N/A         2
 Sublimation of Blood     Necr           Unusable   N/A       N/A         2
 Animate Dead             Necr           Unusable   N/A       N/A         4

Dungeon Overview and Level Annotations

Branches:
Dungeon (12/15)            Temple (1/1) D:4            Lair (4/5) D:9
 Shoals (0/4) Lair:2       Spider (0/4) Lair:2          Orc (2/2) D:12
    Elf (3/3) Orc:2
  Slime: Lair:4-5

Altars:
Ashenzari
Cheibriados
Dithmenos
Elyvilon
Fedhas
Gozag
Hepliaklqana
Kikubaaqudgha
Makhleb
Nemelex Xobeh
Okawaru
Qazlal
Ru
Sif Muna
Trog
Uskayaw
Vehumet
Wu Jian
Xom
Yredelemnul
Zin
The Shining One
Jiyva

Shops:
D:1 *   D:4 [   D:7 *?[?   D:9 *   D:11 ?   Orc:1 (*:   Orc:2 *(!:(
Elf:2 **=*(*   Elf:3 !

Annotations:
D:6 1 runed translucent door, Crazy Yiuf
D:9 exclusion: orange crystal statue
Lair:4 3 runed translucent doors, Niar Sio's ghost, journeyman TrBe
Orc:1 3 runed translucent doors, Kuwn's ghost, journeyman HuDe


Innate Abilities, Weirdness & Mutations

You are immune to sickness and miasma.
Your stone body is resilient. (AC +12)
You are immune to poison.
Your large and strong wings let you fly.
You resist negative energy. (rN+)
You are resistant to electric shocks. (rElec)
You are resistant to unholy torment.
You are immune to petrification.


Message History

Aiming: Fireball (dangerous; 1% risk of failure)
Press: ? - help, Shift-Dir - straight line, f/p - deep elf zephyrmancer
Aim: a deep elf zephyrmancer, wielding a +0 long sword (almost dead)
The fireball explodes!
The fireball engulfs the deep elf zephyrmancer!!
You kill the deep elf zephyrmancer!
The +2 halberd of venom is distracted by your dazzling golden aura.
The deep elf knight casts a spell at you.
The shard of ice hits you!!
As you read the scroll of teleportation, it crumbles to dust.
You feel strangely unstable.
A deep elf knight comes into view. It is wielding a +0 short sword.
A deep elf pyromancer comes into view. It is wielding a +0 dagger.
Unknown command.
Your surroundings seem slightly different.
As you read the scroll of teleportation, it crumbles to dust.
You feel strangely unstable.
Unknown command.
Unknown command.
Your surroundings suddenly seem different.
A +4 bardiche of pain comes into view.
A +3 short sword of speed comes into view.
As you read the scroll of teleportation, it crumbles to dust.
You feel strangely unstable.
Unknown command.
Your surroundings seem slightly different.
The +4 bardiche of pain hits you!
Unknown command.
Unknown command.
As you read the scroll of teleportation, it crumbles to dust.
You feel strangely unstable.
The +3 short sword of speed is distracted by your dazzling golden aura.
The +4 bardiche of pain hits you!
Unknown command.
Unknown command.
The +2 halberd of venom hits you from afar!!
* * * LOW HITPOINT WARNING * * *
The +4 bardiche of pain hits you from afar!
You die...
Your body crumbles into a pile of gold.

##..........#
###...
#.§........#
#.....
#.........
#..$...
#.........
#......
##......##
#e..$...
##..(.##
..(.....e
#..(.#
........e.
##....##
..........
#...@.(#
..........
#............
#............
#............
##...........
##.....###..
##...## #.
#####


You could see 3 dancing weapons.

Vanquished Creatures
  A deep elf master archer (Elf:3)
  2 deep elf blademasters (Elf:3)
  4 deep elf elementalists (Elf:3)
  5 deep elf sorcerers
  9 deep elf demonologists
  11 deep elf annihilators (Elf:3)
  7 deep elf death magi
  2 deep elf high priests
  2 hydras
  Fannar (Lair:3)
  Erica (D:8)
  21 dancing weapons
  3 two-headed ogres
  An orc high priest (Orc:2)
  Amaemon (Lair:3)
  11 deep elf knights
  Nergalle (D:11)
  14 deep elf archers
  25 deep elf pyromancers
  4 orc knights (Orc:2)
  33 deep elf zephyrmancers
  An ugly thing (D:12)
  2 orc sorcerers
  4 kobold blastminers
  3 black mambas
  4 elephants (Lair:1)
  A merfolk siren (Lair:2)
  An orange demon (Lair:3)
  Joseph (D:8)
  9 cane toads
  Psyche (D:8)
  A gargoyle (D:11)
  Maggie (Lair:2)
  An unseen horror (D:10)
  A torpor snail (Lair:1)
  5 rime drakes
  4 komodo dragons
  7 polar bears
  A meliai (Lair:2)
  6 trolls
  5 blink frogs (Lair:2)
  4 slime creatures (D:12)
  2 shadows
  4 air elementals (Elf:1)
  2 wyverns
  3 wraiths
  22 yaks
  3 basilisks
  A fire elemental (Elf:1)
  3 vampire mosquitoes (D:12)
  Grum (Lair:1)
  A warg (Orc:1)
  2 steam dragons
  3 acid dragons
  9 water moccasins
  42 orc warriors
  2 ice beasts
  A sky beast (D:4)
  Duvessa (D:4)
  A black bear (Lair:3)
  A swamp drake (D:12)
  11 ogres
  3 wolves (Lair:1)
  9 centaurs
  3 phantoms
  4 kobold brigands
  13 bullfrogs
  3 earth elementals
  3 scorpions
  12 wights
  Dowan (D:4)
  8 killer bees
  An electric eel (D:9)
  9 howler monkeys
  2 jellies
  18 orc priests
  A gnoll bouda (D:7)
  4 hounds
  2 iguanas
  3 sleepcaps
  22 orc wizards
  Robin (D:3)
  11 gnolls
  7 adders
  An adder (shapeshifter) (Elf:3)
  3 shadow imps
  2 white imps
  4 ufetubi
  2 worms (D:4)
  3 dart slugs
  98 orcs
  3 endoplasms
  3 giant cockroaches (D:1)
  11 goblins
  11 hobgoblins
  3 jackals (D:2)
  21 kobolds
  4 quokkas
  6 ball pythons
  5 bats
  2 frilled lizards (D:1)
  5 rats
664 creatures vanquished.

Vanquished Creatures (others)
  An arcanist (D:5)
1 creature vanquished.

Grand Total: 665 creatures vanquished

Notes
Turn   | Place    | Note
-------+----------+-------------------------------------------
     0 | D:1      | zdzicho121 the Gargoyle Earth Elementalist began the quest
                  | for the Orb.
     0 | D:1      | Reached XP level 1. HP: 10/10 MP: 3/3
   175 | D:1      | Reached skill level 4 in Earth Magic
   217 | D:1      | Reached XP level 2. HP: 15/15 MP: 3/5
   509 | D:1      | Found Dyom's General Store.
   565 | D:1      | Found a faded altar of an unknown god.
   630 | D:1      | Reached XP level 3. HP: 19/19 MP: 6/6
  1713 | D:3      | Reached skill level 5 in Earth Magic
  1741 | D:3      | Reached XP level 4. HP: 24/24 MP: 2/8
  1946 | D:3      | Found an iron altar of Okawaru.
  2303 | D:3      | Noticed Robin
  2350 | D:3      | Reached skill level 1 in Fighting
  2350 | D:3      | Reached XP level 5. HP: 14/29 MP: 2/9
  2372 | D:3      | Killed Robin
  2552 | D:4      | Found Zolergh's Armour Boutique.
  2553 | D:4      | Noticed Duvessa
  2554 | D:4      | Noticed Dowan
  2564 | D:4      | Killed Duvessa
  2565 | D:4      | Reached skill level 6 in Earth Magic
  2565 | D:4      | Reached XP level 6. HP: 20/34 MP: 4/11
  2568 | D:4      | Killed Dowan
  2778 | D:4      | Found a staircase to the Ecumenical Temple.
  2982 | D:4      | Identified the +0 robe "Kuseemet" {rPois Will+ Str-5}
  3144 | D:4      | Reached XP level 7. HP: 4/38 MP: 11/14
  3150 | D:4      | Learned a level 3 spell: Stone Arrow
  3341 | D:4      | Reached skill level 5 in Spellcasting
  3341 | D:4      | Reached skill level 7 in Earth Magic
  3774 | D:4      | Learned a level 4 spell: Iskenderun's Mystic Blast
  3810 | D:5      | Entered Level 5 of the Dungeon
  3865 | D:4      | Reached skill level 1 in Conjurations
  3865 | D:4      | Reached skill level 1 in Translocations
  3997 | D:5      | Found a radiant altar of Vehumet.
  4055 | Temple   | Entered the Ecumenical Temple
  4233 | D:5      | Reached XP level 8. HP: 32/43 MP: 5/16
  4774 | D:5      | Found a bloodstained altar of Trog.
  4776 | D:5      | Noticed an arcanist
  4780 | D:5      | Killed an arcanist
  5172 | D:6      | Reached skill level 5 in Conjurations
  5288 | D:6      | Found an opulent altar of Gozag.
  5320 | D:6      | Found a burning altar of Makhleb.
  5444 | D:6      | Reached XP level 9. HP: 30/47 MP: 8/17
  5446 | D:6      | Reached skill level 5 in Translocations
  6126 | D:6      | Found a runed translucent door.
  6127 | D:6      | Noticed Crazy Yiuf
  6381 | D:7      | Got the Secrets of Translocational Skeletons
  6442 | D:7      | Found Iriciq's Antique Armour Boutique.
  6832 | D:7      | Learned a level 5 spell: Fireball
  6865 | D:7      | Found a basalt altar of Yredelemnul.
  7041 | D:7      | Found Utiogome's Magic Scroll Shoppe.
  7231 | D:7      | Found Kolusiek's Magic Scroll Emporium.
  7234 | D:7      | Bought a scroll of fear for 64 gold pieces
  7234 | D:7      | Bought a scroll of fog for 64 gold pieces
  7334 | D:7      | Found Fadihu's General Store.
  7343 | D:7      | Bought a potion of invisibility for 104 gold pieces
  7343 | D:7      | Bought a scroll of enchant armour for 97 gold pieces
  7413 | D:6      | Became a worshipper of Gozag Ym Sagoz the Greedy
  7626 | D:8      | Noticed Psyche
  7630 | D:8      | Killed Psyche
  7631 | D:8      | Reached skill level 1 in Fire Magic
  7756 | D:8      | Noticed Joseph
  7772 | D:8      | Killed Joseph
  7773 | D:8      | Reached skill level 10 in Conjurations
  7773 | D:8      | Reached XP level 10. HP: 46/52 MP: 1/18
  8604 | D:8      | Found a hazy altar of Hepliaklqana.
  8846 | D:8      | Noticed Erica
  8849 | D:8      | Killed Erica
  9365 | D:9      | Found a staircase to the Lair.
  9548 | D:9      | Noticed an orange crystal statue
  9752 | D:9      | Found Aiymik's Alliterative Armaments.
  9900 | D:9      | Noticed a two-headed ogre
  9905 | D:9      | Killed a two-headed ogre
 10053 | D:9      | Noticed a six-headed hydra
 10063 | D:9      | Killed a six-headed hydra
 10064 | D:9      | Reached XP level 11. HP: 54/56 MP: 1/19
 10382 | D:9      | Found a glowing silver altar of Zin.
 10593 | D:9      | Noticed a fire dragon
 10719 | D:10     | Entered Level 10 of the Dungeon
 10783 | D:10     | Noticed a two-headed ogre
 10787 | D:10     | Killed a two-headed ogre
 11453 | D:10     | Found a white marble altar of Elyvilon.
 11553 | Lair:1   | Entered Level 1 of the Lair of Beasts
 11799 | Lair:1   | Reached skill level 15 in Conjurations
 12080 | Lair:1   | Learned a level 4 spell: Olgreb's Toxic Radiance
 12148 | Lair:1   | Noticed Grum
 12161 | Lair:1   | Killed Grum
 12162 | Lair:1   | Reached skill level 1 in Poison Magic
 12482 | Lair:1   | Reached XP level 12. HP: 31/61 MP: 0/23
 13597 | Lair:2   | Identified the -1 helmet of Kiadagh {rF- Slay+5}
 13693 | Lair:2   | Noticed Maggie
 13824 | Lair:2   | Killed Maggie
 14490 | Lair:2   | Found a staircase to the Shoals.
 14609 | Lair:2   | Found a hole to the Spider Nest.
 14667 | Lair:2   | Reached skill level 10 in Spellcasting
 15828 | Lair:3   | Noticed Fannar
 15834 | Lair:3   | Killed Fannar
 16434 | Lair:3   | Noticed Amaemon
 16438 | Lair:3   | Reached XP level 13. HP: 55/65 MP: 20/28
 16448 | Lair:3   | Killed Amaemon
 17579 | Lair:4   | Found a runed translucent gate.
 17579 | Lair:4   | Found a runed translucent gate.
 17579 | Lair:4   | Found a runed translucent gate.
 17580 | Lair:4   | Noticed an acid blob
 17581 | Lair:4   | Noticed an acid blob
 17581 | Lair:4   | Noticed an acid blob
 17582 | Lair:4   | Noticed an azure jelly
 17582 | Lair:4   | Noticed Niar Sio's ghost (journeyman TrBe)
 17582 | Lair:4   | Noticed a rockslime
 17583 | Lair:4   | Noticed an acid blob
 17583 | Lair:4   | Noticed an azure jelly
 17583 | Lair:4   | Noticed an acid blob
 17585 | Lair:4   | Found a viscous altar of Jiyva.
 18668 | D:11     | Found a transporter.
 18668 | D:11     | Found Mecon's Magic Scroll Boutique.
 18738 | D:11     | Found a transporter.
 18747 | D:11     | Bought a scroll of amnesia for 52 gold pieces
 18777 | D:11     | Noticed Nergalle
 18783 | D:11     | Killed Nergalle
 20031 | D:12     | Found a staircase to the Orcish Mines.
 20995 | Orc:1    | Entered Level 1 of the Orcish Mines
 21226 | Orc:1    | Found a runed translucent gate.
 21227 | Orc:1    | Found a runed translucent gate.
 21228 | Orc:1    | Found a runed translucent gate.
 21353 | Orc:1    | Noticed an orc warlord
 21356 | Orc:1    | Identified the ring "Vestoy" {rC++ rN++ Int+6 Stlth-}
 21357 | Orc:1    | Noticed Kuwn's ghost (journeyman HuDe)
 21657 | Orc:1    | Found Witoss's Weapon Shop.
 21739 | Orc:1    | Bought a potion of resistance for 130 gold pieces
 21739 | Orc:1    | Bought a potion of curing for 39 gold pieces
 21739 | Orc:1    | Bought a potion of heal wounds for 65 gold pieces
 21741 | Orc:1    | Bought a book of the Earth for 396 gold pieces
 21750 | Orc:1    | Learned a level 5 spell: Lee's Rapid Deconstruction
 21757 | Orc:1    | Learned a level 6 spell: Bombard
 21790 | Orc:2    | Entered Level 2 of the Orcish Mines
 22178 | Orc:2    | Found a staircase to the Elven Halls.
 22768 | Orc:2    | Gained mutation: Your large and strong wings let you fly.
                  | [Gargoyle growth]
 22768 | Orc:2    | Reached XP level 14. HP: 46/70 MP: 0/32
 22916 | Orc:2    | Reached skill level 15 in Spellcasting
 24014 | Orc:2    | Reached skill level 8 in Earth Magic
 24401 | Orc:2    | Found Puxku's Weapon Boutique.
 24409 | Orc:2    | Bought the +8 dagger of Yeast {freeze, rElec MP+9 Int+3
                  | Dex-3} for 994 gold pieces
 24627 | Orc:2    | Found Gufaerad's Antique Weapon Emporium.
 24627 | Orc:2    | Found Taukkel's Distillery.
 24628 | Orc:2    | Found Kekiss's Book Boutique.
 24739 | Orc:2    | Found Ogaucvapt's General Store.
 24771 | Orc:2    | Bought a potion of brilliance for 60 gold pieces
 24771 | Orc:2    | Bought a potion of brilliance for 60 gold pieces
 24979 | Elf:1    | Entered Level 1 of the Elven Halls
 24992 | Elf:1    | Reached skill level 9 in Earth Magic
 25368 | Elf:1    | Reached skill level 10 in Earth Magic
 25487 | Elf:1    | Paralysed by an air elemental for 1 turns
 25773 | Elf:1    | Reached skill level 11 in Earth Magic
 26240 | Elf:1    | Noticed a deep elf sorcerer
 26244 | Elf:1    | Killed a deep elf sorcerer
 26383 | Elf:1    | Reached skill level 12 in Earth Magic
 26453 | Elf:1    | Noticed a deep elf demonologist
 26454 | Elf:1    | Noticed a Hell Sentinel
 26457 | Elf:1    | Noticed a Hell Sentinel
 26458 | Elf:1    | Killed a deep elf demonologist
 26841 | Elf:1    | Reached skill level 13 in Earth Magic
 27212 | Elf:1    | Reached skill level 14 in Earth Magic
 27343 | Elf:1    | Reached XP level 15. HP: 74/74 MP: 27/34
 27694 | Elf:2    | Found Fiwewuorgh's Assorted Antiques.
 27697 | Elf:2    | Bought a scroll labelled ZIDUETHR JAMU for 29 gold pieces
 27739 | Elf:2    | Reached skill level 15 in Earth Magic
 27825 | Elf:2    | Found Birikul's Assorted Antiques.
 27842 | Elf:2    | Bought a potion of heal wounds for 130 gold pieces
 27891 | Elf:3    | Entered Level 3 of the Elven Halls
 28412 | Elf:3    | Reached skill level 16 in Earth Magic
 28501 | Elf:3    | Noticed a deep elf elementalist
 28503 | Elf:3    | Killed a deep elf elementalist
 28515 | Elf:3    | Identified the +1 quick blade "Killer Klown's Death"
                  | {freeze, rC++ rCorr Dex-2}
 28519 | Elf:3    | Noticed an Ice Fiend
 28692 | Elf:3    | Noticed a deep elf blademaster
 28695 | Elf:3    | Killed a deep elf blademaster
 28887 | Elf:3    | Reached skill level 17 in Earth Magic
 29014 | Elf:3    | Noticed a deep elf sorcerer
 29016 | Elf:3    | Killed a deep elf sorcerer
 29084 | Elf:3    | Noticed a deep elf sorcerer
 29087 | Elf:3    | Killed a deep elf sorcerer
 29127 | Elf:3    | Identified the staff of Awkwardness {rC+ Ice Poison}
 29145 | Elf:3    | Noticed a deep elf elementalist
 29148 | Elf:3    | Killed a deep elf elementalist
 29154 | Elf:3    | Noticed a deep elf sorcerer
 29279 | Elf:3    | Killed a deep elf sorcerer
 29566 | Elf:3    | Reached skill level 18 in Earth Magic
 29586 | Elf:3    | Identified the +1 whip of Jeyc {antimagic, rF- rCorr Str+4
                  | SInv}
 29621 | Elf:3    | Noticed a deep elf master archer
 29624 | Elf:3    | Killed a deep elf master archer
 29630 | Elf:3    | Noticed a deep elf elementalist
 29633 | Elf:3    | Killed a deep elf elementalist
 30311 | Elf:3    | Reached skill level 19 in Earth Magic
 30311 | Elf:3    | Reached XP level 16. HP: 79/79 MP: 24/35
 30587 | Elf:3    | Got the Volume of Sidekicks and Obstruction
 30630 | Elf:3    | Identified the +1 leather armour of Action {rPois Dex+3}
 30655 | Elf:3    | Got the Vellum of Inconstant Profane Secrets
 30788 | Elf:3    | Noticed a deep elf blademaster
 30793 | Elf:3    | Killed a deep elf blademaster
 30797 | Elf:3    | Noticed a deep elf master archer
 30800 | Elf:3    | Identified the +1 broad axe of Nerrepra {drain, rPois rF+}
 30809 | Elf:3    | Found Ipiepn's Distillery.
 30965 | Elf:2    | Reached skill level 20 in Earth Magic
 31146 | Elf:3    | Bought a potion of brilliance for 48 gold pieces
 31146 | Elf:3    | Bought a potion of brilliance for 48 gold pieces
 31146 | Elf:3    | Bought a potion of cancellation for 96 gold pieces
 31146 | Elf:3    | Bought a potion of heal wounds for 60 gold pieces
 31761 | Elf:3    | Found an ancient bone altar of Kikubaaqudgha.
 32106 | Elf:2    | Found Miwnew's General Store.
 32245 | Elf:2    | Reached skill level 21 in Earth Magic
 32334 | Elf:2    | Found Taytwit's Antique Weapon Shoppe.
 32784 | Elf:2    | Found Cuoso's Assorted Antiques.
 32792 | Elf:2    | Bought a bubbling sapphire potion for 34 gold pieces
 32845 | Elf:2    | Found a runed translucent gate.
 32846 | Elf:2    | Found a runed translucent gate.
 32846 | Elf:2    | Found a runed translucent gate.
 32997 | Elf:2    | Bought the ring of Teur {Wiz rElec rPois rC- Int+5} for 723
                  | gold pieces
 33236 | Elf:2    | Reached skill level 22 in Earth Magic
 33539 | Elf:2    | Slain by a +4 bardiche of pain

Illustrated notes

Levels and vault maps discovered:
D:1:      dpeg_arrival_water_fire, layout_basic, ebering_ecumenical_altar_hall,
          serial_shops, nicolae_shop_competitors_out_of_business, minivault_5,
          grunt_decor_resistance
D:2:      layout_loops_ring
D:3:      layout_basic, okawaru_metal_pillars_1_2, uniq_robin
D:4:      layout_basic, minmay_temple_entry_overgrown, serial_shops,
          nicolae_stop_n_shop_1, minmay_misc_feat_doors, minmay_divided_ellipse,
          uniq_duvessa
D:5:      layout_cave_pools, fiery_altar_vehumet, trog_wizard
D:6:      layout_rooms, old_standard_altar, general_overflow_altar,
          amcnicky_mini_pool_small, roderic_roman_lattice,
          uniq_crazy_yiuf_cottage
D:7:      layout_rooms, yredelemnul_altar_generic, serial_shops, shop,
          nicolae_shop_rolled_up, shop_coins, shop
D:8:      layout_loops_corners, kennysheep_little_box, uniq_erica, uniq_joseph,
          uniq_psyche
D:9:      nzn_winding_woodlands_medium [nzn_winding_woodlands_hourglass,
          nzn_winding_woodlands_5x15_lazy_stream,
          nzn_winding_woodlands_5x5_closed_star,
          nzn_winding_woodlands_5x5_open_star,
          nzn_winding_woodlands_center_triple_pond,
          nzn_winding_woodlands_5x5_checkerboard,
          nzn_winding_woodlands_5x5_cross,
          nzn_winding_woodlands_5x15_river_crossing,
          nzn_winding_woodlands_5x5_default], layout_rooms,
          mainiacjoe_overflow_small_starburst, dpeg_oklobed_lair, minivault_15,
          monkooky_shop_alliterative
D:10:     layout_roguey, lemuel_round_altar
D:11:     layout_roguey, serial_shops, nicolae_shop_drivethru,
          kennysheep_generic_room_11, uniq_nergalle
D:12:     layout_basic, erik_orc_1, minivault_24
Temple:   oiseaux_autumnal_temple
Lair:1:   layout_layer_cave, cheibrodos_lair_lostbears, uniq_grum
Lair:2:   layout_loops_ring, minmay_shoals_entry_lonely_mermaid,
          hellmonk_spider_entry_not_the_bees, grunt_forest_small_clearings,
          serial_bayou_shore_b, uniq_maggie
Lair:3:   layout_regular_city, uniq_amaemon, uniq_fannar
Lair:4:   layout_regular_city, gammafunk_ghost_ooze
Orc:1:    layout_caves, serial_shops, nicolae_shop_pleasant_corner_grove,
          biasface_ghost_orc_armoury
Orc:2:    st_orc_rangers, layout_diamond_mine, serial_shops,
          nicolae_shop_just_a_little_nook
Elf:1:    elf_arrival_001, layout_gridlike, evilmike_minifort,
          nicolae_elf_crossing_hall
Elf:2:    nicolae_elf_blades_crystal_corner, layout_rooms, serial_shops, shop,
          nicolae_shop_waterfront, nicolae_stop_n_shop_2,
          nicolae_shop_tiny_real_fake_doors, nicolae_shop_waterfront,
          nicolae_twisty_statue_hallways
Elf:3:    grunt_elf_hall_diamonds, layout_onion_city, serial_shops,
          nicolae_lakefront_shop, lemuel_statue_altar

Skill      XL: |  1  2  3  4  5  6  7  8  9 10 11 12 13 14 15 16 |
---------------+-------------------------------------------------+-----
Earth Magic    | 4 5 6 7 14 19 22 | 22.2
Spellcasting   | 3 4 5 7 11 14 15 | 15.2
Fighting       | 1 |  1.4
Conjurations   | 2 5 10 13 15 | 15.1
Translocations | 2 4 5 |  5.3
Fire Magic     | 2 4 |  4.6
Poison Magic   | 2 4 |  4.0
Dodging        | |  1.5
Stealth        | |  2.1
Transmutations | |  0.7
Evocations     | |  0.2

Action                     |  1- 3 |  4- 6 |  7- 9 | 10-12 | 13-15 | 16-18 || total
---------------------------+-------+-------+-------+-------+-------+-------++-------
  Melee: Short sword       |     2 |       |       |       |       |       ||     2
         Dagger            |   111 |    36 |   102 |    91 |   104 |       ||   444
         Punch             |     1 |       |     1 |       |     2 |       ||     4
         Staff             |       |       |       |       |       |     1 ||     1
   Cast: Sandblast         |    19 |    82 |   129 |   107 |     7 |       ||   344
         Stone Arrow       |       |       |    31 |    99 |    82 |       ||   212
         Iskenderun's Myst |       |       |    19 |    41 |    47 |    11 ||   118
         Fireball          |       |       |       |    12 |    79 |    11 ||   102
         Olgreb's Toxic Ra |       |       |       |    15 |    35 |     3 ||    53
         Bombard           |       |       |       |       |    33 |    11 ||    44
         Lee's Rapid Decon |       |       |       |       |   133 |    54 ||   187
 Invoke: Potion Petition   |       |       |       |     1 |       |       ||     1
         Call Merchant     |       |       |       |       |     2 |     1 ||     3
  Evoke: Wand              |       |       |       |     2 |     2 |       ||     4
    Use: Potion            |       |     1 |     2 |     1 |     2 |       ||     6
         Scroll            |       |       |    11 |     2 |    13 |     6 ||    32
   Stab: Sleeping          |     5 |       |       |       |       |       ||     5
         Distracted        |     1 |       |       |       |     1 |       ||     2
 Armour: Robe              |    50 |    92 |   176 |   264 |   231 |    36 ||   849
  Dodge: Dodged            |    52 |    80 |   109 |   153 |   147 |     9 ||   550
  Block: Other             |       |       |       |       |       |     4 ||     4
         Reflection        |       |       |       |       |       |     1 ||     1

Table legend: (Time is in decaauts)
 A = Elapsed time spent in this place.
 B = Non-inter-level travel time spent in this place.
 C = Inter-level travel time spent in this place.
 D = Time resting spent in this place.
 E = Time spent auto-exploring this place.
 F = Levels seen in this place.
 G = Mean time per level.
                   A        B        C        D        E       F      G
               +--------+--------+--------+--------+--------+-----+--------+
         Total |  33666 |  31258 |   2408 |   2157 |  25231 |  22 | 1530.3 |
       Dungeon |  14342 |  13618 |    724 |    228 |  11492 |  12 | 1195.2 |
        Temple |    122 |      1 |    121 |      0 |      0 |   1 |  122.0 |
          Lair |   6648 |   6496 |    152 |      0 |   5842 |   4 | 1662.0 |
  Orcish Mines |   3986 |   3796 |    190 |     12 |   3239 |   2 | 1993.0 |
   Elven Halls |   8566 |   7346 |   1220 |   1917 |   4657 |   3 | 2855.3 |
               +--------+--------+--------+--------+--------+-----+--------+

Top non-repeatable levels by time:
   Elf:3: 3858 daAuts
   Elf:1: 2719 daAuts
   Orc:2: 2506 daAuts
  Lair:1: 2028 daAuts
   Elf:2: 1988 daAuts
  Lair:2: 1817 daAuts
     D:9: 1768 daAuts
     D:8: 1745 daAuts
  Lair:3: 1590 daAuts
     D:4: 1490 daAuts
   Orc:1: 1480 daAuts
    D:12: 1436 daAuts
     D:6: 1400 daAuts
  Lair:4: 1212 daAuts
     D:7: 1107 daAuts
